[ AOE2 MATCH · #507241808 ]
UnrankedBohemians vs Britons
Player's team · LOSS
Rival team · WIN
[ REPLAY ANALYSIS · EXTRACTED FROM THE RECORDED GAME ]
Feudal
9:49
Castle
23:43
Imperial
37:58
| APM avg | 59.1 |
| APM peak | 103 |
| eAPM avg | 27.1 |
| Villagers / military | 205 / 204 |
Focus
⚔️ 34.4% · 🌾 65.6%
Skirmisher ×99 · Archer ×69 · Spearman ×11 · Hussite Wagon ×11 · Trebuchet (Packed) ×7 · Bombard Cannon ×5
Feudal
9:54
Castle
23:20
Imperial
38:14
| APM avg | 63.7 |
| APM peak | 108 |
| eAPM avg | 41.9 |
| Villagers / military | 168 / 402 |
Focus
⚔️ 64.9% · 🌾 35.1%
Scout Cavalry ×124 · Longbowman ×123 · Archer ×82 · Skirmisher ×55 · Trebuchet (Packed) ×10 · Militia ×4
Match map
Initial resources + every placement click. Lines = walls · curves = elevation contours. ◆ gold · ⬟ stone · ● berries · ✦ relic · ◌ wall gap
Your base· Open — opponent sealed themselves in
KIV.YourAddHere's base· ✓ Closed at 23:20 · 47t walls · no gate
Smoothed initial terrain · ◌ = detected wall gap · hover for details
Inputs per minute
— ballin' penguin - - KIV.YourAddHere
Build order — ballin' penguin
First 150 of 543 actions detected
| 0:00 | Create | Villager (Male) |
| 0:01 | Create | Villager (Male) |
| 0:01 | Create | Villager (Male) |
| 0:01 | Create | Villager (Male) |
| 0:02 | Build | House |
| 0:04 | Build | House |
| 1:29 | Create | Villager (Male) |
| 2:03 | Create | Villager (Male) |
| 2:12 | Build | Lumber Camp |
| 2:15 | Create | Villager (Male) |
| 2:34 | Create | Villager (Male) |
| 3:13 | Create | Villager (Male) |
| 3:41 | Create | Villager (Male) |
| 3:42 | Create | Villager (Male) |
| 3:51 | Build | House |
| 4:27 | Create | Villager (Male) |
| 4:27 | Create | Villager (Male) |
| 4:34 | Build | Mill |
| 5:15 | Create | Villager (Male) |
| 5:19 | Build | House |
| 5:44 | Create | Villager (Male) |
| 5:58 | Create | Villager (Male) |
| 6:11 | Create | Villager (Male) |
| 6:12 | Research | Loom |
| 6:37 | Build | House |
| 6:51 | Build | House |
| 6:53 | Build | House |
| 6:58 | Create | Villager (Male) |
| 7:00 | Build | House |
| 7:03 | Build | House |
| 7:04 | Build | House |
| 7:06 | Create | Villager (Male) |
| 7:13 | Create | Villager (Male) |
| 7:21 | Build | Palisade Wall |
| 7:22 | Create | Villager (Male) |
| 7:39 | Research | Feudal Age |
| 8:34 | Build | House |
| 8:44 | Build | House |
| 8:51 | Create | Villager (Male) |
| 9:03 | Build | Barracks |
| 9:49 | Age | Feudal Age |
| 10:04 | Build | Archery Range |
| 10:07 | Create | Villager (Male) |
| 10:14 | Research | Double-Bit Axe |
| 10:17 | Research | Horse Collar |
| 10:34 | Create | Villager (Male) |
| 10:48 | Create | Archer |
| 10:56 | Build | Mining Camp |
| 10:59 | Create | Villager (Male) |
| 11:05 | Create | Villager (Male) |
| 11:15 | Create | Villager (Male) |
| 11:17 | Build | Palisade Wall |
| 11:20 | Build | Palisade Wall |
| 11:21 | Create | Villager (Male) |
| 11:24 | Create | Spearman |
| 11:31 | Create | Villager (Male) |
| 11:37 | Create | Archer |
| 11:44 | Create | Villager (Male) |
| 12:01 | Build | Lumber Camp |
| 12:10 | Create | Villager (Male) |
| 12:35 | Build | Farm |
| 12:38 | Build | Farm |
| 12:48 | Create | Villager (Male) |
| 12:49 | Create | Archer |
| 13:00 | Build | Palisade Wall |
| 13:28 | Build | Blacksmith |
| 13:34 | Create | Villager (Male) |
| 13:40 | Build | Farm |
| 13:43 | Build | Farm |
| 13:59 | Create | Archer |
| 13:59 | Create | Archer |
| 14:00 | Create | Skirmisher |
| 14:24 | Research | Fletching |
| 14:35 | Create | Villager (Male) |
| 14:45 | Build | Farm |
| 14:52 | Build | Palisade Gate |
| 14:53 | Create | Villager (Male) |
| 14:55 | Build | Palisade Wall |
| 15:00 | Build | Farm |
| 15:00 | Build | Farm |
| 15:00 | Build | Farm |
| 15:01 | Build | Farm |
| 15:01 | Build | Farm |
| 15:27 | Create | Villager (Male) |
| 15:30 | Build | Farm |
| 16:04 | Create | Skirmisher |
| 16:04 | Create | Skirmisher |
| 16:05 | Build | Archery Range |
| 16:11 | Build | Farm |
| 16:12 | Build | Farm |
| 16:14 | Build | Farm |
| 16:20 | Create | Villager (Male) |
| 16:39 | Build | Farm |
| 16:41 | Create | Skirmisher |
| 16:54 | Create | Skirmisher |
| 16:57 | Create | Skirmisher |
| 17:04 | Create | Villager (Male) |
| 17:20 | Build | House |
| 17:35 | Create | Villager (Male) |
| 17:39 | Create | Villager (Male) |
| 17:56 | Create | Archer |
| 18:08 | Create | Archer |
| 18:08 | Create | Archer |
| 18:17 | Create | Villager (Male) |
| 18:19 | Build | Farm |
| 18:20 | Build | Farm |
| 18:23 | Create | Archer |
| 18:23 | Create | Archer |
| 18:24 | Create | Villager (Male) |
| 18:28 | Build | House |
| 18:38 | Research | Padded Archer Armor |
| 18:44 | Build | Market |
| 19:01 | Create | Villager (Male) |
| 19:10 | Build | Farm |
| 19:10 | Create | Villager (Male) |
| 19:19 | Build | Farm |
| 19:19 | Create | Villager (Male) |
| 19:21 | Build | House |
| 19:27 | Create | Skirmisher |
| 19:27 | Create | Skirmisher |
| 19:27 | Create | Skirmisher |
| 19:32 | Create | Archer |
| 19:32 | Create | Archer |
| 19:32 | Create | Archer |
| 20:02 | Create | Villager (Male) |
| 20:31 | Create | Skirmisher |
| 20:31 | Create | Skirmisher |
| 20:43 | Build | Farm |
| 20:45 | Build | House |
| 20:48 | Build | House |
| 21:03 | Research | Castle Age |
| 21:29 | Build | Palisade Wall |
| 21:34 | Build | Palisade Wall |
| 21:37 | Create | Villager (Male) |
| 21:44 | Create | Skirmisher |
| 21:44 | Create | Skirmisher |
| 21:44 | Create | Skirmisher |
| 21:55 | Build | Archery Range |
| 22:25 | Create | Skirmisher |
| 23:15 | Create | Villager (Male) |
| 23:25 | Build | Palisade Wall |
| 23:30 | Create | Archer |
| 23:30 | Create | Archer |
| 23:31 | Create | Archer |
| 23:35 | Build | House |
| 23:36 | Build | House |
| 23:37 | Build | House |
| 23:43 | Age | Castle Age |
| 23:47 | Research | Elite Skirmisher (upgrade) |
| 23:48 | Research | Bodkin Arrow |
Build order — KIV.YourAddHere
First 150 of 489 actions detected
| 0:00 | Create | Villager (Male) |
| 0:01 | Build | House |
| 0:02 | Build | House |
| 0:19 | Create | Villager (Male) |
| 0:19 | Create | Villager (Male) |
| 0:19 | Create | Villager (Male) |
| 1:29 | Create | Villager (Male) |
| 2:03 | Create | Villager (Male) |
| 2:24 | Create | Villager (Male) |
| 2:29 | Build | Barracks |
| 2:40 | Create | Villager (Male) |
| 3:03 | Build | House |
| 3:14 | Create | Villager (Male) |
| 3:49 | Create | Villager (Male) |
| 3:58 | Create | Militia |
| 4:14 | Create | Villager (Male) |
| 4:30 | Create | Villager (Male) |
| 4:30 | Create | Villager (Male) |
| 4:38 | Create | Militia |
| 5:05 | Research | Loom |
| 5:19 | Create | Villager (Male) |
| 5:39 | Create | Villager (Male) |
| 5:55 | Create | Villager (Male) |
| 6:09 | Build | House |
| 6:25 | Build | Mill |
| 7:02 | Create | Villager (Male) |
| 7:16 | Create | Villager (Male) |
| 7:19 | Build | House |
| 7:20 | Build | House |
| 7:44 | Research | Feudal Age |
| 9:01 | Create | Villager (Male) |
| 9:08 | Create | Militia |
| 9:16 | Build | Lumber Camp |
| 9:24 | Create | Militia |
| 9:54 | Age | Feudal Age |
| 10:05 | Research | Double-Bit Axe |
| 10:08 | Create | Villager (Male) |
| 10:14 | Research | Man-at-Arms (upgrade) |
| 10:17 | Create | Villager (Male) |
| 10:34 | Build | Archery Range |
| 10:54 | Create | Villager (Male) |
| 10:56 | Build | Farm |
| 11:04 | Build | Farm |
| 11:20 | Create | Villager (Male) |
| 11:23 | Build | Farm |
| 11:28 | Create | Skirmisher |
| 11:42 | Create | Skirmisher ×2 |
| 11:57 | Create | Villager (Male) |
| 12:04 | Build | Farm |
| 12:07 | Build | Farm |
| 12:14 | Create | Skirmisher |
| 12:14 | Create | Skirmisher |
| 12:23 | Create | Villager (Male) |
| 12:29 | Build | House |
| 12:29 | Build | Palisade Wall |
| 12:36 | Create | Skirmisher |
| 12:58 | Build | House |
| 13:00 | Build | Palisade Wall |
| 13:01 | Create | Skirmisher ×2 |
| 13:04 | Create | Villager (Male) |
| 13:19 | Create | Skirmisher |
| 13:35 | Create | Villager (Male) |
| 13:40 | Build | Blacksmith |
| 13:41 | Build | House |
| 13:44 | Build | Palisade Wall |
| 13:44 | Build | Palisade Wall |
| 13:51 | Build | Palisade Wall |
| 13:57 | Create | Archer |
| 13:58 | Create | Villager (Male) |
| 14:02 | Create | Archer |
| 14:03 | Build | Farm |
| 14:44 | Create | Villager (Male) ×3 |
| 14:48 | Create | Skirmisher |
| 14:55 | Build | House |
| 14:56 | Build | Palisade Wall |
| 15:06 | Create | Villager (Male) |
| 15:09 | Build | Mining Camp |
| 15:15 | Create | Villager (Male) |
| 15:19 | Build | House |
| 15:21 | Build | Palisade Wall |
| 16:10 | Create | Villager (Male) |
| 16:14 | Research | Town Watch |
| 16:19 | Build | Farm |
| 16:19 | Build | Farm |
| 16:20 | Build | Farm |
| 16:23 | Build | Mill |
| 16:24 | Build | Farm |
| 16:28 | Build | House |
| 16:32 | Research | Fletching |
| 16:41 | Create | Skirmisher |
| 16:41 | Create | Skirmisher |
| 16:59 | Create | Archer |
| 17:04 | Create | Villager (Male) |
| 17:07 | Build | Farm |
| 17:11 | Build | Lumber Camp |
| 17:16 | Build | Farm |
| 18:21 | Create | Archer |
| 18:22 | Create | Villager (Male) |
| 18:24 | Build | Farm |
| 18:26 | Create | Skirmisher |
| 18:34 | Create | Skirmisher |
| 18:40 | Build | Archery Range |
| 19:00 | Create | Villager (Male) |
| 19:04 | Build | Market |
| 19:14 | Build | Farm |
| 19:26 | Build | Palisade Wall |
| 19:32 | Create | Villager (Male) |
| 19:39 | Create | Skirmisher |
| 19:41 | Create | Skirmisher |
| 20:12 | Build | Palisade Wall |
| 20:34 | Build | Palisade Wall |
| 20:40 | Research | Castle Age |
| 20:55 | Research | Horse Collar |
| 20:56 | Create | Archer ×3 |
| 21:12 | Create | Archer |
| 21:20 | Research | Gold Mining |
| 21:34 | Create | Archer |
| 21:46 | Create | Archer ×2 |
| 22:06 | Create | Archer |
| 22:17 | Build | Mining Camp |
| 23:15 | Create | Archer ×5 |
| 23:16 | Create | Villager (Male) ×5 |
| 23:20 | Age | Castle Age |
| 23:22 | Build | Archery Range |
| 23:30 | Research | Crossbowman (upgrade) |
| 23:33 | Research | Bow Saw |
| 23:42 | Create | Archer |
| 23:48 | Create | Villager (Male) |
| 23:49 | Build | Farm |
| 23:53 | Build | Farm |
| 23:58 | Create | Archer |
| 23:58 | Create | Archer |
| 23:58 | Create | Archer |
| 24:09 | Research | Bodkin Arrow |
| 24:10 | Create | Archer |
| 24:16 | Create | Archer |
| 24:27 | Create | Villager (Male) |
| 24:27 | Create | Villager (Male) |
| 24:31 | Create | Archer |
| 24:31 | Create | Archer |
| 24:40 | Create | Archer |
| 24:43 | Create | Villager (Male) |
| 24:45 | Build | Lumber Camp |
| 25:04 | Create | Archer ×2 |
| 25:08 | Create | Villager (Male) ×2 |
| 25:29 | Create | Archer ×2 |
| 25:43 | Create | Villager (Male) ×2 |
| 26:08 | Create | Archer |
| 26:08 | Create | Archer |
| 26:13 | Build | University |
Match timeline
| 2:29 | KIV.YourAddHere · first_building Barracks |
| 7:21 | ballin' penguin · wall_segment Palisade Wall x1 |
| 9:03 | ballin' penguin · first_building Barracks |
| 9:49 | ballin' penguin · age_up feudal |
| 9:54 | KIV.YourAddHere · age_up feudal |
| 10:04 | ballin' penguin · first_building Archery Range |
| 10:34 | KIV.YourAddHere · first_building Archery Range |
| 11:17 | ballin' penguin · wall_segment Palisade Wall x1 |
| 11:20 | ballin' penguin · wall_segment Palisade Wall x1 |
| 12:29 | KIV.YourAddHere · wall_segment Palisade Wall x1 |
| 13:00 | KIV.YourAddHere · wall_segment Palisade Wall x8 |
| 13:00 | ballin' penguin · wall_segment Palisade Wall x1 |
| 13:44 | KIV.YourAddHere · wall_segment Palisade Wall x1 |
| 13:44 | KIV.YourAddHere · wall_segment Palisade Wall x1 |
| 13:51 | KIV.YourAddHere · wall_segment Palisade Wall x10 |
| 14:55 | ballin' penguin · wall_segment Palisade Wall x1 |
| 14:56 | KIV.YourAddHere · wall_segment Palisade Wall x6 |
| 15:21 | KIV.YourAddHere · wall_segment Palisade Wall x8 |
| 19:26 | KIV.YourAddHere · wall_segment Palisade Wall x7 |
| 20:11 | ballin' penguin · first_market_buy 100 food |
| 20:12 | KIV.YourAddHere · wall_segment Palisade Wall x4 |
| 20:14 | KIV.YourAddHere · first_market_sell 500 stone |
| 20:16 | KIV.YourAddHere · first_market_buy 100 food |
| 20:33 | ballin' penguin · first_market_sell 100 wood |
| 20:34 | KIV.YourAddHere · wall_segment Palisade Wall x3 |
| 21:29 | ballin' penguin · wall_segment Palisade Wall x7 |
| 21:34 | ballin' penguin · wall_segment Palisade Wall x11 |
| 23:20 | KIV.YourAddHere · age_up castle |
| 23:25 | ballin' penguin · wall_segment Palisade Wall x1 |
| 23:43 | ballin' penguin · age_up castle |
| 24:20 | ballin' penguin · wall_segment Palisade Wall x1 |
| 32:16 | ballin' penguin · first_building Castle |
| 32:26 | ballin' penguin · first_building Monastery |
| 32:49 | KIV.YourAddHere · first_building Monastery |
| 35:16 | KIV.YourAddHere · first_building Castle |
| 36:40 | KIV.YourAddHere · first_building Stable |
| 37:58 | ballin' penguin · age_up imperial |
| 38:14 | KIV.YourAddHere · age_up imperial |
| 38:35 | ballin' penguin · first_building Siege Workshop |
| 43:20 | KIV.YourAddHere · wall_segment Palisade Wall x1 |
| 43:36 | KIV.YourAddHere · first_building Siege Workshop |
| 56:13 | ballin' penguin · resign |
[ AI ANALYSIS · 1 CREDIT ]
What really happened in this match?
Wolo.gg analyzes every decision: build order, eco, micro, common mistakes by bracket. Personalized analysis on WhatsApp or Discord in 30 seconds.
Civ guide
Bohemians
Perfil
Jugador #1996261